[ PARTIDA AOE2 · #481583914 ]
UnrankedMaya vs Malay
[ ANÁLISIS DE REPETICIÓN · EXTRAÍDO DE LA PARTIDA GRABADA ]
Feudal
12:04
Castillos
16:05
Imperial
—
| APM promedio | 27.5 |
| APM pico | 80 |
| eAPM promedio | 14.4 |
| Aldeanos / militares | 55 / 6 |
Foco
⚔️ 31.6% · 🌾 68.4%
Scorpion ×6
Feudal
11:45
Castillos
14:20
Imperial
—
| APM promedio | 53.2 |
| APM pico | 106 |
| eAPM promedio | 28.8 |
| Aldeanos / militares | 102 / 88 |
Foco
⚔️ 31.8% · 🌾 68.2%
Karambit Warrior ×88
Feudal
9:41
Castillos
23:20
Imperial
—
| APM promedio | 47.1 |
| APM pico | 90 |
| eAPM promedio | 14.7 |
| Aldeanos / militares | 72 / 51 |
Foco
⚔️ 41.2% · 🌾 58.8%
Archer ×48 · Spearman ×3
Feudal
9:22
Castillos
23:17
Imperial
—
| APM promedio | 57.4 |
| APM pico | 103 |
| eAPM promedio | 16.5 |
| Aldeanos / militares | 52 / 48 |
Foco
⚔️ 32.2% · 🌾 67.8%
Archer ×46 · Armored Elephant ×2
Feudal
10:05
Castillos
24:43
Imperial
—
| APM promedio | 56.7 |
| APM pico | 122 |
| eAPM promedio | 22.3 |
| Aldeanos / militares | 60 / 58 |
Foco
⚔️ 39.5% · 🌾 60.5%
Scout Cavalry ×58
Feudal
9:30
Castillos
—
Imperial
—
| APM promedio | 32.8 |
| APM pico | 72 |
| eAPM promedio | 11.0 |
| Aldeanos / militares | 38 / 10 |
Foco
⚔️ 21.3% · 🌾 78.7%
Scout Cavalry ×10
Feudal
11:09
Castillos
15:04
Imperial
—
| APM promedio | 32.3 |
| APM pico | 64 |
| eAPM promedio | 15.0 |
| Aldeanos / militares | 111 / 13 |
Foco
⚔️ 17.8% · 🌾 82.2%
Huskarl ×13
Feudal
10:56
Castillos
14:31
Imperial
—
| APM promedio | 26.7 |
| APM pico | 75 |
| eAPM promedio | 14.6 |
| Aldeanos / militares | 105 / 1 |
Foco
⚔️ 25.0% · 🌾 75.0%
Monk ×1 · Trade Cart ×1
Mapa de la partida
Recursos iniciales + cada clic de construcción. Líneas = muros · curvas = relieve. ◆ oro · ⬟ piedra · ● bayas · ✦ reliquia · ◌ hueco del cierre
Tu base· ✓ Cerrada en 16:05 · 35t muro · 1 puerta(s)
Base de usta noldu bana usta· ✓ Cerrada en 14:20 · 12t muro · sin puerta
Base de DuhuluDubrisi· ✓ Cerrada en 23:20 · 21t muro · sin puerta
Base de friendly Alpaca· ✓ Cerrada en 23:17 · 26t muro · sin puerta
Base de kaanuni· ✓ Cerrada en 24:43 · 14t muro · 1 puerta(s)
Base de 結城結弦· ✓ Cerrada en 20:07 · 24t muro · sin puerta
Base de MorbidOne6· ✓ Cerrada en 15:04 · 91t muro · sin puerta
Base de Xun· ✓ Cerrada en 14:31 · 0t muro · sin puerta
Terreno inicial suavizado · ◌ = hueco del cierre detectado · pasá el cursor para detalles
Inputs por minuto
— Monk - - usta noldu bana usta
Build order — Monk
114 acciones detectadas en el replay
| 0:01 | Crear | Villager (Male) |
| 0:01 | Crear | Villager (Male) |
| 0:01 | Crear | Villager (Male) |
| 0:11 | Construir | House |
| 0:32 | Construir | House |
| 1:16 | Crear | Villager (Male) |
| 1:16 | Crear | Villager (Male) |
| 2:05 | Construir | Lumber Camp |
| 2:11 | Crear | Villager (Male) |
| 2:12 | Crear | Villager (Male) |
| 2:12 | Crear | Villager (Male) |
| 2:35 | Crear | Villager (Male) |
| 2:35 | Crear | Villager (Male) |
| 3:15 | Crear | Villager (Male) |
| 3:16 | Crear | Villager (Male) |
| 3:36 | Crear | Villager (Male) |
| 3:36 | Crear | Villager (Male) |
| 3:42 | Crear | Villager (Male) |
| 3:42 | Crear | Villager (Male) |
| 4:03 | Crear | Villager (Male) |
| 4:04 | Crear | Villager (Male) |
| 4:26 | Construir | House |
| 4:27 | Construir | House |
| 4:35 | Construir | Mill |
| 5:10 | Crear | Villager (Male) |
| 5:11 | Crear | Villager (Male) |
| 5:17 | Construir | House |
| 5:40 | Crear | Villager (Male) |
| 5:41 | Crear | Villager (Male) |
| 5:41 | Crear | Villager (Male) |
| 6:03 | Crear | Villager (Male) |
| 6:08 | Construir | Palisade Wall |
| 6:37 | Construir | Lumber Camp |
| 6:41 | Crear | Villager (Male) |
| 6:57 | Construir | Palisade Wall |
| 7:31 | Crear | Villager (Male) |
| 7:44 | Crear | Villager (Male) |
| 7:56 | Crear | Villager (Male) |
| 8:08 | Crear | Villager (Male) |
| 8:17 | Construir | Palisade Gate |
| 8:21 | Construir | Farm |
| 8:45 | Construir | Farm |
| 9:08 | Construir | Palisade Wall |
| 9:14 | Construir | Mining Camp |
| 9:25 | Investigar | Loom |
| 9:25 | Investigar | Feudal Age |
| 10:15 | Construir | Palisade Wall |
| 10:58 | Crear | Villager (Male) |
| 11:19 | Construir | House |
| 12:04 | Edad | Edad Feudal |
| 12:05 | Investigar | Double-Bit Axe |
| 12:05 | Investigar | Horse Collar |
| 12:16 | Construir | Market |
| 12:23 | Construir | Blacksmith |
| 12:31 | Construir | House |
| 12:37 | Construir | House |
| 12:40 | Construir | Palisade Wall |
| 12:46 | Crear | Villager (Male) |
| 13:12 | Construir | Palisade Wall |
| 13:25 | Investigar | Castle Age |
| 13:58 | Construir | Farm |
| 14:00 | Construir | Farm |
| 14:11 | Construir | Farm |
| 14:24 | Investigar | Wheelbarrow |
| 16:05 | Edad | Edad de los Castillos |
| 16:07 | Construir | Town Center |
| 16:12 | Construir | Town Center |
| 16:18 | Investigar | Bow Saw |
| 16:18 | Investigar | Heavy Plow |
| 16:20 | Crear | Villager (Male) |
| 17:16 | Construir | Farm |
| 17:17 | Construir | Farm |
| 17:23 | Crear | Villager (Male) |
| 17:24 | Crear | Villager (Male) |
| 17:36 | Construir | Siege Workshop |
| 17:38 | Crear | Villager (Male) |
| 17:39 | Crear | Villager (Male) |
| 17:40 | Crear | Villager (Male) |
| 17:55 | Construir | Farm |
| 18:00 | Crear | Villager (Male) |
| 18:11 | Crear | Villager (Male) |
| 18:12 | Crear | Villager (Male) |
| 18:12 | Crear | Villager (Male) |
| 18:20 | Crear | Scorpion |
| 18:23 | Crear | Villager (Male) |
| 18:24 | Crear | Villager (Male) |
| 18:27 | Construir | Farm |
| 18:44 | Crear | Scorpion |
| 18:47 | Construir | Farm |
| 18:49 | Crear | Villager (Male) |
| 18:49 | Crear | Villager (Male) |
| 19:05 | Construir | Farm |
| 19:08 | Crear | Villager (Male) |
| 19:08 | Crear | Villager (Male) |
| 19:08 | Crear | Villager (Male) |
| 19:18 | Crear | Scorpion |
| 19:29 | Construir | Stone Wall |
| 19:46 | Crear | Scorpion |
| 19:52 | Crear | Villager (Male) |
| 19:55 | Construir | Farm |
| 19:57 | Crear | Villager (Male) |
| 19:57 | Crear | Villager (Male) |
| 20:05 | Construir | Palisade Wall |
| 20:17 | Crear | Villager (Male) |
| 20:20 | Construir | Mining Camp |
| 20:23 | Crear | Villager (Male) |
| 20:26 | Crear | Scorpion |
| 21:00 | Crear | Scorpion |
| 21:02 | Construir | Farm |
| 21:06 | Construir | House |
| 21:07 | Construir | House |
| 21:08 | Crear | Villager (Male) |
| 21:11 | Crear | Villager (Male) |
| 21:14 | Construir | Barracks |
Build order — usta noldu bana usta
Primeras 150 de 285 acciones detectadas
| 0:02 | Crear | Villager (Male) |
| 0:02 | Crear | Villager (Male) |
| 0:04 | Construir | House |
| 0:05 | Construir | House |
| 0:12 | Crear | Villager (Male) |
| 0:12 | Crear | Villager (Male) |
| 0:13 | Crear | Villager (Male) |
| 1:25 | Crear | Villager (Male) |
| 1:50 | Crear | Villager (Male) |
| 1:51 | Crear | Villager (Male) |
| 2:30 | Crear | Villager (Male) |
| 2:31 | Crear | Villager (Male) |
| 2:31 | Crear | Villager (Male) |
| 2:40 | Construir | Lumber Camp |
| 2:49 | Crear | Villager (Male) |
| 2:50 | Crear | Villager (Male) |
| 3:20 | Crear | Villager (Male) |
| 3:20 | Crear | Villager (Male) |
| 3:46 | Crear | Villager (Male) |
| 3:46 | Crear | Villager (Male) |
| 3:59 | Construir | House |
| 4:22 | Construir | House |
| 4:26 | Crear | Villager (Male) |
| 4:26 | Crear | Villager (Male) |
| 4:48 | Construir | House |
| 4:52 | Crear | Villager (Male) |
| 5:07 | Construir | Palisade Wall |
| 5:11 | Construir | Palisade Wall |
| 5:13 | Crear | Villager (Male) |
| 5:14 | Crear | Villager (Male) |
| 5:14 | Crear | Villager (Male) |
| 5:40 | Construir | Mill |
| 5:57 | Crear | Villager (Male) |
| 6:33 | Crear | Villager (Male) |
| 6:44 | Crear | Villager (Male) |
| 7:18 | Construir | Farm |
| 7:19 | Crear | Villager (Male) |
| 7:26 | Construir | Mining Camp |
| 7:39 | Crear | Villager (Male) |
| 8:10 | Crear | Villager (Male) |
| 8:12 | Construir | Farm |
| 8:41 | Crear | Villager (Male) |
| 8:43 | Crear | Villager (Male) |
| 8:51 | Construir | Farm |
| 9:00 | Construir | Mining Camp |
| 9:19 | Construir | Farm |
| 9:24 | Crear | Villager (Male) |
| 9:25 | Investigar | Loom |
| 9:25 | Investigar | Feudal Age |
| 11:45 | Edad | Edad Feudal |
| 11:49 | Construir | Market |
| 11:51 | Crear | Villager (Male) |
| 11:52 | Crear | Villager (Male) |
| 11:55 | Construir | Blacksmith |
| 12:44 | Investigar | Castle Age |
| 12:57 | Investigar | Double-Bit Axe |
| 12:57 | Investigar | Double-Bit Axe |
| 13:44 | Investigar | Horse Collar |
| 14:14 | Crear | Villager (Male) |
| 14:19 | Investigar | Town Watch |
| 14:20 | Edad | Edad de los Castillos |
| 14:28 | Construir | House |
| 14:40 | Crear | Villager (Male) |
| 14:41 | Investigar | Bow Saw |
| 14:44 | Construir | House |
| 14:58 | Construir | Farm |
| 14:59 | Construir | Farm |
| 15:10 | Construir | Castle |
| 15:15 | Construir | Palisade Wall |
| 15:19 | Construir | Palisade Wall |
| 15:20 | Crear | Villager (Male) |
| 15:22 | Construir | Farm |
| 15:25 | Crear | Villager (Male) |
| 15:59 | Crear | Villager (Male) |
| 16:12 | Construir | Palisade Wall |
| 16:24 | Crear | Villager (Male) |
| 16:31 | Construir | Town Center |
| 16:42 | Crear | Karambit Warrior |
| 16:42 | Crear | Karambit Warrior |
| 16:43 | Crear | Karambit Warrior |
| 16:47 | Crear | Villager (Male) |
| 16:49 | Crear | Karambit Warrior |
| 16:49 | Crear | Karambit Warrior |
| 16:55 | Crear | Karambit Warrior |
| 17:00 | Construir | Farm |
| 17:05 | Construir | Farm |
| 17:14 | Crear | Villager (Male) |
| 17:14 | Crear | Villager (Male) |
| 17:21 | Crear | Karambit Warrior |
| 17:22 | Crear | Karambit Warrior |
| 17:22 | Crear | Karambit Warrior |
| 17:26 | Crear | Karambit Warrior |
| 17:27 | Crear | Karambit Warrior |
| 17:32 | Construir | Farm |
| 17:43 | Crear | Villager (Male) |
| 17:44 | Crear | Villager (Male) |
| 17:46 | Construir | Farm |
| 17:49 | Construir | Farm |
| 17:56 | Crear | Villager (Male) |
| 18:00 | Construir | Farm |
| 18:20 | Crear | Karambit Warrior |
| 18:22 | Crear | Villager (Male) |
| 18:23 | Crear | Villager (Male) |
| 18:27 | Construir | Farm |
| 18:27 | Construir | Farm |
| 18:36 | Crear | Karambit Warrior |
| 18:36 | Crear | Karambit Warrior |
| 18:50 | Crear | Villager (Male) |
| 18:50 | Crear | Villager (Male) |
| 18:59 | Construir | Farm |
| 19:01 | Construir | Farm |
| 19:09 | Crear | Karambit Warrior |
| 19:09 | Crear | Karambit Warrior |
| 19:14 | Crear | Villager (Male) |
| 19:14 | Crear | Villager (Male) |
| 19:15 | Crear | Villager (Male) |
| 19:15 | Crear | Villager (Male) |
| 19:18 | Construir | Farm |
| 19:35 | Crear | Karambit Warrior |
| 19:36 | Crear | Karambit Warrior |
| 19:36 | Crear | Karambit Warrior |
| 19:36 | Crear | Karambit Warrior |
| 19:40 | Construir | Farm |
| 19:51 | Crear | Villager (Male) |
| 19:51 | Crear | Villager (Male) |
| 19:56 | Crear | Karambit Warrior |
| 20:02 | Crear | Villager (Male) |
| 20:02 | Crear | Villager (Male) |
| 20:07 | Construir | Farm |
| 20:08 | Crear | Karambit Warrior |
| 20:14 | Construir | Farm |
| 20:14 | Crear | Villager (Male) |
| 20:14 | Crear | Villager (Male) |
| 20:27 | Crear | Karambit Warrior |
| 20:27 | Crear | Karambit Warrior |
| 20:28 | Crear | Karambit Warrior |
| 20:36 | Construir | Farm |
| 20:37 | Construir | Farm |
| 20:38 | Crear | Villager (Male) |
| 20:38 | Crear | Villager (Male) |
| 20:40 | Crear | Karambit Warrior |
| 20:40 | Crear | Karambit Warrior |
| 20:48 | Crear | Karambit Warrior |
| 21:00 | Construir | Farm |
| 21:01 | Crear | Villager (Male) |
| 21:01 | Crear | Villager (Male) |
| 21:05 | Crear | Villager (Male) |
| 21:05 | Crear | Villager (Male) |
| 21:12 | Crear | Villager (Male) |
| 21:12 | Crear | Villager (Male) |
Build order — DuhuluDubrisi
Primeras 150 de 195 acciones detectadas
| 0:01 | Crear | Villager (Male) |
| 0:01 | Crear | Villager (Male) |
| 0:02 | Construir | House |
| 0:03 | Construir | House |
| 0:19 | Crear | Villager (Male) |
| 0:20 | Crear | Villager (Male) |
| 1:13 | Crear | Villager (Male) |
| 1:34 | Crear | Villager (Male) |
| 1:35 | Crear | Villager (Male) |
| 1:35 | Crear | Villager (Male) |
| 1:47 | Construir | Lumber Camp |
| 2:06 | Crear | Villager (Male) |
| 2:06 | Crear | Villager (Male) |
| 2:25 | Crear | Villager (Male) |
| 2:25 | Crear | Villager (Male) |
| 2:40 | Crear | Villager (Male) |
| 2:40 | Crear | Villager (Male) |
| 2:58 | Crear | Villager (Male) |
| 2:58 | Crear | Villager (Male) |
| 3:26 | Construir | House |
| 3:27 | Construir | House |
| 3:39 | Crear | Villager (Male) |
| 3:40 | Crear | Villager (Male) |
| 4:10 | Crear | Villager (Male) |
| 4:10 | Crear | Villager (Male) |
| 4:10 | Crear | Villager (Male) |
| 5:22 | Crear | Villager (Male) |
| 5:36 | Crear | Villager (Male) |
| 5:37 | Investigar | Loom |
| 5:47 | Crear | Villager (Male) |
| 5:48 | Investigar | Loom |
| 6:00 | Construir | Mining Camp |
| 6:54 | Investigar | Feudal Age |
| 7:09 | Construir | Lumber Camp |
| 7:31 | Construir | Palisade Wall |
| 8:22 | Construir | Barracks |
| 8:48 | Crear | Villager (Male) |
| 8:48 | Crear | Villager (Male) |
| 9:41 | Edad | Edad Feudal |
| 9:42 | Construir | Palisade Wall |
| 9:45 | Construir | Archery Range |
| 9:58 | Construir | Archery Range |
| 10:02 | Crear | Villager (Male) |
| 10:14 | Construir | House |
| 10:38 | Construir | House |
| 10:40 | Crear | Archer |
| 10:40 | Crear | Archer |
| 10:51 | Investigar | Double-Bit Axe |
| 10:51 | Investigar | Double-Bit Axe |
| 11:04 | Crear | Archer |
| 11:06 | Crear | Archer |
| 11:06 | Crear | Archer |
| 11:13 | Crear | Archer |
| 11:13 | Crear | Archer |
| 11:20 | Crear | Archer |
| 11:21 | Crear | Archer |
| 11:29 | Crear | Archer |
| 11:29 | Crear | Archer |
| 11:32 | Crear | Villager (Male) |
| 11:32 | Crear | Villager (Male) |
| 11:32 | Crear | Villager (Male) |
| 11:48 | Construir | Mill |
| 11:50 | Crear | Archer |
| 12:03 | Crear | Villager (Male) |
| 12:04 | Crear | Villager (Male) |
| 12:12 | Investigar | Town Watch |
| 12:14 | Crear | Villager (Male) |
| 12:14 | Crear | Villager (Male) |
| 12:23 | Construir | House |
| 12:29 | Construir | Blacksmith |
| 12:34 | Crear | Archer |
| 12:40 | Construir | Farm |
| 13:04 | Crear | Archer |
| 13:12 | Crear | Villager (Male) |
| 13:13 | Crear | Villager (Male) |
| 13:16 | Construir | Farm |
| 13:18 | Construir | Farm |
| 13:19 | Construir | Farm |
| 13:22 | Construir | Farm |
| 13:33 | Investigar | Fletching |
| 13:33 | Investigar | Fletching |
| 13:33 | Investigar | Fletching |
| 13:47 | Construir | Farm |
| 13:48 | Construir | Farm |
| 14:03 | Crear | Spearman |
| 14:07 | Construir | Farm |
| 14:08 | Crear | Villager (Male) |
| 14:08 | Crear | Villager (Male) |
| 14:11 | Crear | Archer |
| 14:12 | Crear | Archer |
| 14:21 | Crear | Archer |
| 14:27 | Crear | Villager (Male) |
| 14:28 | Crear | Villager (Male) |
| 14:37 | Construir | House |
| 14:40 | Construir | House |
| 14:42 | Construir | Palisade Wall |
| 14:47 | Crear | Archer |
| 14:48 | Crear | Villager (Male) |
| 14:52 | Crear | Villager (Male) |
| 14:52 | Crear | Villager (Male) |
| 14:53 | Crear | Villager (Male) |
| 14:57 | Construir | House |
| 15:00 | Crear | Villager (Male) |
| 15:00 | Crear | Villager (Male) |
| 15:10 | Crear | Spearman |
| 15:28 | Investigar | Padded Archer Armor |
| 15:29 | Investigar | Padded Archer Armor |
| 15:43 | Construir | House |
| 15:44 | Construir | House |
| 15:45 | Crear | Villager (Male) |
| 15:45 | Crear | Villager (Male) |
| 15:45 | Crear | Archer |
| 15:46 | Crear | Archer |
| 15:46 | Crear | Archer |
| 15:55 | Construir | Farm |
| 16:15 | Crear | Villager (Male) |
| 16:15 | Crear | Villager (Male) |
| 16:16 | Crear | Archer |
| 16:16 | Crear | Archer |
| 16:17 | Crear | Archer |
| 16:47 | Crear | Spearman |
| 16:50 | Investigar | Horse Collar |
| 16:52 | Crear | Villager (Male) |
| 16:52 | Crear | Villager (Male) |
| 16:54 | Construir | Farm |
| 17:12 | Crear | Villager (Male) |
| 17:23 | Construir | Market |
| 17:35 | Crear | Archer |
| 17:35 | Crear | Archer |
| 17:35 | Crear | Archer |
| 17:40 | Crear | Villager (Male) |
| 17:40 | Crear | Villager (Male) |
| 18:03 | Crear | Archer |
| 18:03 | Crear | Archer |
| 18:03 | Crear | Archer |
| 18:12 | Construir | Farm |
| 18:16 | Investigar | Gold Mining |
| 18:17 | Crear | Villager (Male) |
| 18:18 | Crear | Villager (Male) |
| 18:18 | Crear | Villager (Male) |
| 18:36 | Crear | Archer |
| 18:36 | Crear | Archer |
| 18:37 | Crear | Archer |
| 19:10 | Crear | Villager (Male) |
| 19:22 | Construir | Farm |
| 19:23 | Construir | Farm |
| 19:25 | Construir | Farm |
| 19:26 | Crear | Villager (Male) |
| 19:27 | Crear | Archer |
| 19:28 | Crear | Archer |
Build order — friendly Alpaca
Primeras 150 de 156 acciones detectadas
| 0:00 | Crear | Villager (Male) |
| 0:01 | Crear | Villager (Male) |
| 0:01 | Crear | Villager (Male) |
| 0:02 | Construir | House |
| 0:04 | Construir | House |
| 0:39 | Crear | Villager (Male) |
| 0:39 | Crear | Villager (Male) |
| 1:36 | Crear | Villager (Male) |
| 1:51 | Construir | Lumber Camp |
| 1:57 | Crear | Villager (Male) |
| 1:57 | Crear | Villager (Male) |
| 2:27 | Crear | Villager (Male) |
| 2:55 | Crear | Villager (Male) |
| 2:55 | Crear | Villager (Male) |
| 3:24 | Crear | Villager (Male) |
| 3:24 | Crear | Villager (Male) |
| 3:24 | Crear | Villager (Male) |
| 3:55 | Construir | House |
| 4:12 | Crear | Villager (Male) |
| 4:12 | Crear | Villager (Male) |
| 4:32 | Crear | Villager (Male) |
| 4:42 | Construir | Mining Camp |
| 5:04 | Crear | Villager (Male) |
| 5:04 | Crear | Villager (Male) |
| 6:11 | Construir | Palisade Wall |
| 6:13 | Crear | Villager (Male) |
| 6:47 | Investigar | Loom |
| 7:04 | Investigar | Feudal Age |
| 7:04 | Investigar | Feudal Age |
| 7:16 | Construir | Barracks |
| 7:47 | Construir | Palisade Wall |
| 7:48 | Construir | Palisade Wall |
| 7:55 | Construir | Palisade Wall |
| 8:16 | Construir | House |
| 9:22 | Edad | Edad Feudal |
| 9:24 | Crear | Villager (Male) |
| 9:51 | Crear | Villager (Male) |
| 9:52 | Crear | Villager (Male) |
| 10:07 | Construir | Archery Range |
| 10:16 | Crear | Villager (Male) |
| 10:26 | Investigar | Gold Mining |
| 10:39 | Crear | Villager (Male) |
| 11:10 | Construir | Archery Range |
| 11:17 | Crear | Villager (Male) |
| 11:18 | Crear | Archer |
| 11:23 | Construir | House |
| 11:35 | Crear | Archer |
| 11:40 | Crear | Archer |
| 11:47 | Construir | House |
| 11:48 | Construir | House |
| 11:54 | Crear | Villager (Male) |
| 11:56 | Investigar | Double-Bit Axe |
| 11:59 | Construir | Blacksmith |
| 12:13 | Crear | Archer |
| 12:13 | Crear | Archer |
| 12:13 | Crear | Archer |
| 12:19 | Crear | Villager (Male) |
| 12:19 | Crear | Villager (Male) |
| 12:28 | Construir | House |
| 12:34 | Construir | Mill |
| 12:39 | Crear | Archer |
| 12:55 | Crear | Villager (Male) |
| 13:02 | Crear | Archer |
| 13:03 | Crear | Archer |
| 13:09 | Investigar | Fletching |
| 13:25 | Crear | Villager (Male) |
| 13:25 | Crear | Villager (Male) |
| 13:48 | Crear | Archer |
| 13:48 | Crear | Archer |
| 13:54 | Crear | Villager (Male) |
| 13:54 | Crear | Villager (Male) |
| 13:57 | Crear | Villager (Male) |
| 14:10 | Construir | House |
| 14:19 | Crear | Archer |
| 15:34 | Crear | Villager (Male) |
| 15:36 | Crear | Archer |
| 15:36 | Crear | Archer |
| 15:36 | Crear | Archer |
| 15:38 | Crear | Villager (Male) |
| 15:38 | Crear | Villager (Male) |
| 15:41 | Construir | Farm |
| 15:41 | Construir | Farm |
| 15:41 | Construir | Farm |
| 15:41 | Construir | Farm |
| 15:42 | Construir | Farm |
| 15:42 | Construir | Farm |
| 15:42 | Construir | Farm |
| 15:42 | Construir | Farm |
| 16:09 | Crear | Archer |
| 16:11 | Construir | Farm |
| 16:20 | Crear | Archer |
| 16:20 | Crear | Archer |
| 16:20 | Crear | Archer |
| 16:32 | Crear | Archer |
| 16:33 | Crear | Archer |
| 17:17 | Crear | Villager (Male) |
| 17:18 | Crear | Villager (Male) |
| 17:19 | Crear | Archer |
| 17:19 | Crear | Archer |
| 17:19 | Crear | Archer |
| 17:20 | Crear | Villager (Male) |
| 17:30 | Construir | Farm |
| 17:32 | Construir | Farm |
| 17:32 | Construir | Farm |
| 17:32 | Construir | Farm |
| 18:17 | Crear | Archer |
| 18:17 | Crear | Archer |
| 18:18 | Crear | Villager (Male) |
| 18:23 | Crear | Archer |
| 18:24 | Crear | Archer |
| 18:27 | Construir | Farm |
| 18:28 | Construir | Farm |
| 18:37 | Construir | Farm |
| 18:54 | Crear | Villager (Male) |
| 19:02 | Construir | House |
| 19:12 | Crear | Archer |
| 19:12 | Crear | Archer |
| 19:13 | Crear | Archer |
| 19:15 | Crear | Villager (Male) |
| 19:17 | Construir | House |
| 19:20 | Construir | House |
| 19:32 | Crear | Archer |
| 19:33 | Crear | Archer |
| 20:02 | Crear | Villager (Male) |
| 20:17 | Investigar | Castle Age |
| 20:21 | Crear | Archer |
| 21:22 | Crear | Villager (Male) |
| 21:56 | Crear | Archer |
| 21:56 | Crear | Archer |
| 21:56 | Crear | Archer |
| 21:56 | Crear | Archer |
| 22:14 | Construir | House |
| 22:15 | Construir | House |
| 22:21 | Crear | Archer |
| 22:21 | Crear | Archer |
| 22:34 | Construir | Lumber Camp |
| 23:17 | Edad | Edad de los Castillos |
| 23:22 | Investigar | Crossbowman (upgrade) |
| 23:23 | Investigar | Thumb Ring |
| 23:24 | Investigar | Bodkin Arrow |
| 23:25 | Investigar | Bodkin Arrow |
| 23:35 | Crear | Villager (Male) |
| 24:03 | Crear | Archer |
| 24:04 | Crear | Archer |
| 24:04 | Crear | Archer |
| 24:08 | Construir | Siege Workshop |
| 24:11 | Crear | Villager (Male) |
| 24:11 | Crear | Villager (Male) |
| 24:33 | Crear | Archer |
| 24:33 | Crear | Archer |
Build order — kaanuni
Primeras 150 de 167 acciones detectadas
| 0:02 | Construir | House |
| 0:03 | Construir | House |
| 0:03 | Crear | Villager (Male) |
| 0:03 | Crear | Villager (Male) |
| 0:04 | Crear | Villager (Male) |
| 0:04 | Crear | Villager (Male) |
| 1:13 | Crear | Villager (Male) |
| 1:14 | Crear | Villager (Male) |
| 1:36 | Crear | Villager (Male) |
| 1:36 | Crear | Villager (Male) |
| 1:43 | Construir | Lumber Camp |
| 2:07 | Crear | Villager (Male) |
| 2:08 | Crear | Villager (Male) |
| 2:40 | Crear | Villager (Male) |
| 2:40 | Crear | Villager (Male) |
| 3:27 | Crear | Villager (Male) |
| 3:29 | Construir | House |
| 3:46 | Crear | Villager (Male) |
| 3:46 | Crear | Villager (Male) |
| 3:54 | Construir | House |
| 4:10 | Construir | Palisade Wall |
| 4:15 | Crear | Villager (Male) |
| 4:15 | Crear | Villager (Male) |
| 4:58 | Crear | Villager (Male) |
| 4:59 | Crear | Villager (Male) |
| 5:04 | Construir | Palisade Wall |
| 5:22 | Construir | Barracks |
| 5:26 | Crear | Villager (Male) |
| 5:37 | Crear | Villager (Male) |
| 6:28 | Crear | Villager (Male) |
| 6:32 | Construir | Palisade Wall |
| 6:50 | Crear | Villager (Male) |
| 6:57 | Construir | House |
| 7:15 | Investigar | Loom |
| 7:33 | Construir | Mill |
| 7:53 | Crear | Villager (Male) |
| 7:54 | Investigar | Feudal Age |
| 8:15 | Crear | Villager (Male) |
| 8:15 | Crear | Villager (Male) |
| 9:00 | Construir | House |
| 10:05 | Edad | Edad Feudal |
| 10:11 | Construir | Stable |
| 10:18 | Construir | Stable |
| 10:24 | Crear | Villager (Male) |
| 10:53 | Crear | Villager (Male) |
| 11:04 | Construir | House |
| 11:06 | Construir | House |
| 11:08 | Crear | Scout Cavalry |
| 11:08 | Crear | Scout Cavalry |
| 11:12 | Crear | Scout Cavalry |
| 11:12 | Crear | Scout Cavalry |
| 11:19 | Construir | Farm |
| 11:22 | Construir | Farm |
| 11:33 | Construir | Farm |
| 11:44 | Crear | Villager (Male) |
| 11:46 | Crear | Villager (Male) |
| 12:08 | Construir | Palisade Gate |
| 12:22 | Crear | Scout Cavalry |
| 12:22 | Crear | Scout Cavalry |
| 12:23 | Crear | Villager (Male) |
| 12:24 | Crear | Villager (Male) |
| 12:28 | Construir | Farm |
| 12:30 | Construir | Farm |
| 12:35 | Investigar | Double-Bit Axe |
| 12:36 | Investigar | Double-Bit Axe |
| 12:37 | Crear | Villager (Male) |
| 12:46 | Crear | Villager (Male) |
| 12:46 | Crear | Villager (Male) |
| 13:24 | Crear | Scout Cavalry |
| 13:24 | Crear | Scout Cavalry |
| 13:30 | Construir | Farm |
| 13:30 | Construir | Farm |
| 13:30 | Construir | Farm |
| 13:31 | Construir | Farm |
| 13:31 | Construir | Farm |
| 13:42 | Crear | Villager (Male) |
| 14:03 | Construir | Blacksmith |
| 14:21 | Construir | Farm |
| 15:14 | Crear | Scout Cavalry |
| 15:15 | Crear | Scout Cavalry |
| 15:15 | Crear | Villager (Male) |
| 15:16 | Crear | Villager (Male) |
| 15:18 | Construir | Farm |
| 15:18 | Construir | Farm |
| 15:18 | Construir | Farm |
| 15:22 | Crear | Villager (Male) |
| 15:39 | Investigar | Scale Barding Armor |
| 15:41 | Construir | Farm |
| 15:43 | Construir | Farm |
| 15:44 | Construir | Farm |
| 15:49 | Crear | Villager (Male) |
| 15:51 | Crear | Villager (Male) |
| 16:06 | Crear | Villager (Male) |
| 16:07 | Crear | Villager (Male) |
| 16:11 | Construir | House |
| 16:13 | Construir | House |
| 16:14 | Construir | House |
| 16:46 | Investigar | Forging |
| 17:18 | Crear | Scout Cavalry |
| 17:18 | Crear | Scout Cavalry |
| 17:19 | Crear | Villager (Male) |
| 17:19 | Crear | Villager (Male) |
| 17:35 | Construir | Mill |
| 17:36 | Construir | Farm |
| 17:36 | Construir | Farm |
| 17:36 | Construir | Farm |
| 17:36 | Construir | Farm |
| 17:37 | Construir | Farm |
| 17:37 | Construir | Farm |
| 18:13 | Crear | Scout Cavalry |
| 18:13 | Crear | Scout Cavalry |
| 18:20 | Construir | Mining Camp |
| 18:39 | Crear | Scout Cavalry |
| 18:40 | Crear | Scout Cavalry |
| 18:41 | Crear | Villager (Male) |
| 18:41 | Crear | Villager (Male) |
| 18:52 | Crear | Villager (Male) |
| 18:55 | Construir | Farm |
| 18:58 | Construir | Farm |
| 19:01 | Construir | Farm |
| 19:53 | Crear | Villager (Male) |
| 19:54 | Crear | Villager (Male) |
| 19:56 | Construir | Farm |
| 19:57 | Construir | Farm |
| 19:58 | Crear | Villager (Male) |
| 20:17 | Construir | Farm |
| 21:20 | Crear | Villager (Male) |
| 21:20 | Crear | Villager (Male) |
| 21:20 | Crear | Villager (Male) |
| 21:21 | Crear | Villager (Male) |
| 21:56 | Crear | Villager (Male) |
| 21:56 | Crear | Villager (Male) |
| 21:57 | Crear | Villager (Male) |
| 21:57 | Crear | Villager (Male) |
| 22:00 | Investigar | Castle Age |
| 22:16 | Crear | Villager (Male) |
| 22:40 | Construir | House |
| 22:41 | Construir | House |
| 23:46 | Construir | Stable |
| 23:47 | Construir | Stable |
| 23:49 | Construir | Stable |
| 24:10 | Crear | Scout Cavalry ×5 |
| 24:10 | Crear | Scout Cavalry ×5 |
| 24:10 | Crear | Scout Cavalry ×5 |
| 24:11 | Crear | Scout Cavalry ×5 |
| 24:18 | Construir | Stable |
| 24:43 | Edad | Edad de los Castillos |
| 24:47 | Investigar | Chain Barding Armor |
| 25:06 | Investigar | Bloodlines |
| 25:06 | Investigar | Husbandry |
Build order — 結城結弦
110 acciones detectadas en el replay
| 0:02 | Crear | Villager (Male) |
| 0:03 | Crear | Villager (Male) |
| 0:03 | Crear | Villager (Male) |
| 0:03 | Crear | Villager (Male) |
| 0:05 | Construir | House |
| 0:08 | Construir | House |
| 1:27 | Crear | Villager (Male) |
| 1:54 | Crear | Villager (Male) |
| 2:04 | Construir | Lumber Camp |
| 2:26 | Crear | Villager (Male) |
| 3:07 | Construir | House |
| 3:08 | Crear | Villager (Male) |
| 3:08 | Crear | Villager (Male) |
| 3:57 | Investigar | Loom |
| 4:02 | Construir | Mill |
| 4:21 | Crear | Villager (Male) |
| 4:47 | Crear | Villager (Male) |
| 4:47 | Crear | Villager (Male) |
| 4:55 | Crear | Villager (Male) |
| 4:55 | Crear | Villager (Male) |
| 5:09 | Crear | Villager (Male) |
| 5:09 | Crear | Villager (Male) |
| 6:05 | Crear | Villager (Male) |
| 6:51 | Crear | Villager (Male) |
| 7:20 | Investigar | Feudal Age |
| 7:20 | Investigar | Feudal Age |
| 7:39 | Construir | Lumber Camp |
| 8:13 | Construir | House |
| 8:15 | Construir | Barracks |
| 9:30 | Edad | Edad Feudal |
| 9:30 | Crear | Villager (Male) |
| 9:30 | Crear | Villager (Male) |
| 9:40 | Construir | Stable |
| 9:47 | Investigar | Double-Bit Axe |
| 9:47 | Investigar | Double-Bit Axe |
| 9:49 | Investigar | Horse Collar |
| 9:55 | Construir | House |
| 10:15 | Crear | Villager (Male) |
| 10:46 | Construir | House |
| 10:47 | Crear | Scout Cavalry |
| 10:47 | Crear | Scout Cavalry |
| 10:56 | Construir | Palisade Wall |
| 11:04 | Crear | Villager (Male) |
| 11:04 | Crear | Villager (Male) |
| 11:20 | Construir | Palisade Wall |
| 11:40 | Crear | Scout Cavalry |
| 11:44 | Construir | Farm |
| 11:46 | Crear | Villager (Male) |
| 11:47 | Construir | Farm |
| 11:51 | Construir | Farm |
| 12:11 | Construir | House |
| 12:14 | Crear | Scout Cavalry |
| 12:17 | Crear | Villager (Male) |
| 12:19 | Construir | Farm |
| 12:21 | Construir | Farm |
| 12:27 | Crear | Villager (Male) |
| 12:37 | Construir | Farm |
| 13:05 | Crear | Scout Cavalry |
| 13:19 | Crear | Scout Cavalry |
| 13:20 | Crear | Scout Cavalry |
| 13:32 | Construir | Farm |
| 13:41 | Construir | House |
| 13:42 | Construir | Palisade Wall |
| 13:48 | Crear | Villager (Male) |
| 13:51 | Construir | Farm |
| 13:53 | Construir | Farm |
| 13:55 | Crear | Villager (Male) |
| 14:19 | Construir | Blacksmith |
| 14:21 | Construir | House |
| 14:23 | Crear | Villager (Male) |
| 14:32 | Crear | Villager (Male) |
| 14:34 | Construir | Farm |
| 14:43 | Crear | Villager (Male) |
| 15:02 | Crear | Villager (Male) |
| 15:06 | Construir | Mining Camp |
| 15:12 | Crear | Villager (Male) |
| 15:17 | Construir | Farm |
| 15:30 | Crear | Scout Cavalry |
| 15:30 | Crear | Scout Cavalry |
| 15:34 | Crear | Villager (Male) |
| 15:44 | Construir | House |
| 15:45 | Construir | House |
| 15:47 | Investigar | Scale Barding Armor |
| 15:48 | Investigar | Scale Barding Armor |
| 15:54 | Construir | Mining Camp |
| 15:54 | Crear | Villager (Male) |
| 16:14 | Crear | Villager (Male) |
| 16:17 | Construir | Farm |
| 16:19 | Construir | Farm |
| 16:20 | Construir | Farm |
| 16:33 | Construir | Market |
| 16:42 | Crear | Scout Cavalry |
| 16:48 | Crear | Villager (Male) |
| 17:39 | Investigar | Bloodlines |
| 17:45 | Construir | House |
| 17:48 | Construir | Stone Wall |
| 17:52 | Construir | Farm |
| 17:53 | Crear | Villager (Male) |
| 18:40 | Construir | Farm |
| 18:41 | Construir | Farm |
| 18:42 | Construir | Farm |
| 18:45 | Construir | Farm |
| 19:01 | Construir | House |
| 19:03 | Construir | House |
| 19:23 | Construir | House |
| 19:46 | Construir | House |
| 19:51 | Construir | House |
| 19:57 | Construir | Market |
| 20:07 | Investigar | Castle Age |
| 20:07 | Investigar | Castle Age |
Build order — MorbidOne6
Primeras 150 de 264 acciones detectadas
| 0:01 | Crear | Villager (Male) ×4 |
| 0:02 | Construir | House |
| 0:03 | Construir | House |
| 1:30 | Crear | Villager (Male) |
| 1:31 | Crear | Villager (Male) |
| 1:53 | Crear | Villager (Male) |
| 1:54 | Crear | Villager (Male) |
| 2:23 | Construir | Lumber Camp |
| 2:25 | Crear | Villager (Male) |
| 2:25 | Crear | Villager (Male) |
| 2:53 | Crear | Villager (Male) |
| 3:12 | Crear | Villager (Male) |
| 3:37 | Construir | House |
| 3:44 | Crear | Villager (Male) |
| 3:44 | Crear | Villager (Male) |
| 3:50 | Investigar | Loom |
| 4:07 | Construir | House |
| 4:15 | Crear | Villager (Male) |
| 4:15 | Crear | Villager (Male) |
| 4:26 | Construir | Palisade Wall |
| 5:08 | Construir | Palisade Wall |
| 5:11 | Crear | Villager (Male) |
| 5:30 | Construir | Palisade Wall |
| 5:38 | Crear | Villager (Male) |
| 5:38 | Crear | Villager (Male) |
| 5:58 | Construir | Palisade Wall |
| 6:15 | Construir | Mill |
| 6:25 | Construir | Palisade Wall |
| 6:29 | Crear | Villager (Male) |
| 6:46 | Crear | Villager (Male) |
| 7:03 | Construir | Palisade Wall |
| 7:14 | Crear | Villager (Male) |
| 7:34 | Crear | Villager (Male) |
| 7:42 | Construir | Palisade Wall |
| 8:05 | Crear | Villager (Male) |
| 8:12 | Construir | Palisade Wall |
| 8:18 | Construir | Palisade Wall |
| 8:25 | Construir | Mining Camp |
| 8:31 | Crear | Villager (Male) |
| 8:56 | Investigar | Feudal Age |
| 8:57 | Investigar | Feudal Age |
| 9:12 | Construir | Palisade Wall |
| 9:17 | Construir | House |
| 9:40 | Construir | House |
| 10:32 | Construir | Palisade Wall |
| 10:36 | Construir | House |
| 10:40 | Crear | Villager (Male) |
| 10:41 | Crear | Villager (Male) |
| 11:09 | Edad | Edad Feudal |
| 11:13 | Construir | Market |
| 11:13 | Crear | Villager (Male) |
| 11:25 | Construir | Blacksmith |
| 12:14 | Investigar | Double-Bit Axe |
| 12:18 | Construir | House |
| 12:22 | Investigar | Castle Age |
| 12:22 | Investigar | Castle Age |
| 12:51 | Construir | House |
| 13:11 | Construir | House |
| 13:14 | Investigar | Horse Collar |
| 13:20 | Construir | Farm |
| 13:23 | Construir | Farm |
| 13:28 | Construir | Farm |
| 13:40 | Construir | House |
| 13:52 | Construir | Palisade Wall |
| 13:59 | Construir | Mining Camp |
| 15:04 | Edad | Edad de los Castillos |
| 15:05 | Construir | House |
| 15:06 | Crear | Villager (Male) |
| 15:06 | Crear | Villager (Male) |
| 15:09 | Investigar | Bow Saw |
| 15:14 | Construir | Town Center |
| 15:22 | Construir | House |
| 15:33 | Construir | House |
| 15:39 | Crear | Villager (Male) |
| 15:54 | Construir | House |
| 16:04 | Crear | Villager (Male) |
| 16:17 | Construir | Town Center |
| 16:27 | Construir | House |
| 16:32 | Construir | Farm |
| 16:42 | Crear | Villager (Male) |
| 16:51 | Construir | House |
| 16:53 | Crear | Villager (Male) |
| 16:53 | Crear | Villager (Male) |
| 17:03 | Construir | Farm |
| 17:06 | Construir | Farm |
| 17:09 | Crear | Villager (Male) |
| 17:10 | Crear | Villager (Male) |
| 17:19 | Construir | House |
| 17:23 | Crear | Villager (Male) |
| 17:26 | Crear | Villager (Male) |
| 17:37 | Construir | House |
| 17:42 | Crear | Villager (Male) |
| 17:43 | Crear | Villager (Male) |
| 17:47 | Construir | Farm |
| 17:53 | Construir | House |
| 17:56 | Construir | House |
| 18:06 | Crear | Villager (Male) |
| 18:13 | Construir | Lumber Camp |
| 18:20 | Construir | Palisade Gate |
| 18:26 | Construir | House |
| 18:27 | Crear | Villager (Male) |
| 18:27 | Crear | Villager (Male) |
| 18:28 | Crear | Villager (Male) |
| 18:33 | Crear | Villager (Male) |
| 18:42 | Construir | Farm |
| 18:45 | Construir | House |
| 18:51 | Crear | Villager (Male) |
| 18:52 | Crear | Villager (Male) |
| 18:57 | Construir | Farm |
| 19:00 | Construir | Farm |
| 19:03 | Crear | Villager (Male) |
| 19:04 | Crear | Villager (Male) |
| 19:11 | Construir | House |
| 19:16 | Construir | Farm |
| 19:20 | Construir | Farm |
| 19:24 | Construir | Farm |
| 19:26 | Construir | Farm |
| 19:28 | Crear | Villager (Male) |
| 19:35 | Crear | Villager (Male) ×2 |
| 19:39 | Construir | House |
| 19:45 | Construir | Farm |
| 19:46 | Construir | Farm |
| 19:47 | Construir | Farm |
| 19:53 | Crear | Villager (Male) |
| 20:03 | Crear | Villager (Male) |
| 20:03 | Crear | Villager (Male) |
| 20:10 | Crear | Villager (Male) |
| 20:23 | Crear | Villager (Male) |
| 20:23 | Crear | Villager (Male) |
| 20:28 | Crear | Villager (Male) |
| 20:32 | Construir | Farm |
| 20:34 | Construir | Farm |
| 20:37 | Crear | Villager (Male) |
| 20:42 | Construir | Farm |
| 20:42 | Construir | Farm |
| 20:46 | Construir | Farm |
| 20:50 | Construir | Farm |
| 20:53 | Crear | Villager (Male) |
| 20:53 | Crear | Villager (Male) |
| 20:54 | Crear | Villager (Male) |
| 20:58 | Construir | Farm |
| 21:16 | Crear | Villager (Male) |
| 21:17 | Crear | Villager (Male) |
| 21:18 | Crear | Villager (Male) |
| 21:34 | Construir | Farm |
| 21:43 | Crear | Villager (Male) |
| 21:43 | Crear | Villager (Male) |
| 21:45 | Crear | Villager (Male) |
| 22:02 | Construir | Farm |
| 22:03 | Construir | Farm |
Build order — Xun
Primeras 150 de 172 acciones detectadas
| 0:01 | Crear | Villager (Male) |
| 0:01 | Crear | Villager (Male) |
| 0:01 | Crear | Villager (Male) |
| 0:03 | Construir | House |
| 0:04 | Construir | House |
| 0:09 | Crear | Villager (Male) |
| 1:20 | Crear | Villager (Male) |
| 1:50 | Construir | Lumber Camp |
| 1:59 | Crear | Villager (Male) |
| 1:59 | Crear | Villager (Male) |
| 2:24 | Crear | Villager (Male) |
| 2:44 | Crear | Villager (Male) |
| 3:17 | Crear | Villager (Male) |
| 3:18 | Crear | Villager (Male) |
| 4:04 | Construir | House |
| 4:07 | Crear | Villager (Male) |
| 4:25 | Crear | Villager (Male) |
| 4:28 | Crear | Villager (Male) |
| 4:35 | Construir | Mining Camp |
| 5:18 | Crear | Villager (Male) |
| 5:37 | Construir | House |
| 5:41 | Crear | Villager (Male) |
| 5:50 | Crear | Villager (Male) |
| 6:02 | Crear | Villager (Male) |
| 6:06 | Construir | House |
| 6:08 | Crear | Villager (Male) |
| 6:14 | Crear | Villager (Male) |
| 6:24 | Crear | Villager (Male) |
| 6:27 | Construir | Mill |
| 6:32 | Construir | House |
| 6:50 | Crear | Villager (Male) |
| 6:55 | Crear | Villager (Male) |
| 8:25 | Investigar | Feudal Age |
| 8:57 | Crear | Villager (Male) |
| 8:58 | Crear | Villager (Male) |
| 10:56 | Edad | Edad Feudal |
| 11:01 | Crear | Villager (Male) |
| 11:01 | Crear | Villager (Male) |
| 11:08 | Construir | Market |
| 11:11 | Construir | Blacksmith |
| 11:31 | Investigar | Double-Bit Axe |
| 11:50 | Investigar | Castle Age |
| 11:50 | Investigar | Castle Age |
| 12:05 | Investigar | Horse Collar |
| 12:18 | Construir | Farm |
| 12:29 | Crear | Trade Cart |
| 12:57 | Construir | Farm |
| 13:02 | Construir | Farm |
| 13:49 | Crear | Villager (Male) |
| 14:31 | Edad | Edad de los Castillos |
| 14:33 | Construir | Town Center |
| 14:34 | Crear | Villager (Male) |
| 14:40 | Construir | Monastery |
| 14:51 | Construir | Town Center |
| 15:11 | Crear | Villager (Male) |
| 15:17 | Construir | Farm |
| 15:17 | Crear | Villager (Male) |
| 15:17 | Crear | Villager (Male) |
| 15:19 | Crear | Villager (Male) |
| 15:24 | Construir | Farm |
| 15:28 | Crear | Villager (Male) |
| 15:29 | Crear | Monk |
| 15:38 | Crear | Villager (Male) |
| 15:42 | Crear | Villager (Male) |
| 15:42 | Crear | Villager (Male) |
| 15:44 | Construir | Farm |
| 15:47 | Crear | Villager (Male) |
| 15:48 | Crear | Villager (Male) |
| 15:52 | Construir | House |
| 15:54 | Construir | House |
| 15:54 | Crear | Villager (Male) |
| 15:54 | Crear | Villager (Male) |
| 16:03 | Construir | Farm |
| 16:05 | Crear | Villager (Male) |
| 16:10 | Construir | Farm |
| 16:23 | Crear | Villager (Male) |
| 16:23 | Crear | Villager (Male) |
| 16:34 | Crear | Villager (Male) |
| 16:39 | Construir | Farm |
| 16:42 | Construir | Farm |
| 16:43 | Construir | Farm |
| 16:51 | Crear | Villager (Male) |
| 16:51 | Crear | Villager (Male) |
| 16:56 | Construir | Farm |
| 17:02 | Construir | House |
| 17:03 | Construir | House |
| 17:04 | Crear | Villager (Male) |
| 17:04 | Crear | Villager (Male) |
| 17:09 | Construir | Farm |
| 17:18 | Construir | Farm |
| 17:23 | Crear | Villager (Male) |
| 17:29 | Construir | Farm |
| 17:34 | Crear | Villager (Male) |
| 17:34 | Crear | Villager (Male) |
| 17:49 | Crear | Villager (Male) |
| 17:49 | Crear | Villager (Male) |
| 17:53 | Crear | Villager (Male) |
| 17:53 | Crear | Villager (Male) |
| 17:53 | Crear | Villager (Male) |
| 17:57 | Construir | Farm |
| 17:59 | Crear | Villager (Male) |
| 17:59 | Crear | Villager (Male) |
| 18:10 | Construir | Town Center |
| 18:15 | Construir | Farm |
| 18:15 | Crear | Villager (Male) |
| 18:21 | Construir | Farm |
| 18:22 | Crear | Villager (Male) |
| 18:28 | Crear | Villager (Male) |
| 18:28 | Crear | Villager (Male) |
| 18:34 | Construir | Farm |
| 18:38 | Construir | Farm |
| 18:41 | Crear | Villager (Male) |
| 18:48 | Crear | Villager (Male) |
| 18:49 | Crear | Villager (Male) |
| 18:54 | Construir | House |
| 18:55 | Construir | House |
| 19:00 | Crear | Villager (Male) |
| 19:00 | Crear | Villager (Male) |
| 19:01 | Crear | Villager (Male) |
| 19:03 | Construir | Farm |
| 19:15 | Construir | Lumber Camp |
| 19:16 | Crear | Villager (Male) |
| 19:24 | Crear | Villager (Male) |
| 19:24 | Crear | Villager (Male) |
| 19:27 | Crear | Villager (Male) |
| 19:27 | Crear | Villager (Male) |
| 19:29 | Crear | Villager (Male) |
| 19:35 | Construir | Farm |
| 19:36 | Construir | Farm |
| 19:39 | Construir | Farm |
| 19:47 | Crear | Villager (Male) |
| 19:47 | Crear | Villager (Male) |
| 19:50 | Crear | Villager (Male) |
| 19:50 | Crear | Villager (Male) |
| 19:53 | Construir | Farm |
| 19:55 | Construir | Farm |
| 19:57 | Crear | Villager (Male) |
| 19:57 | Crear | Villager (Male) |
| 20:10 | Crear | Villager (Male) |
| 20:10 | Crear | Villager (Male) |
| 20:16 | Crear | Villager (Male) |
| 20:21 | Construir | Town Center |
| 20:22 | Crear | Villager (Male) |
| 20:27 | Crear | Villager (Male) |
| 20:28 | Crear | Villager (Male) |
| 20:29 | Crear | Villager (Male) |
| 20:29 | Crear | Villager (Male) |
| 20:37 | Crear | Villager (Male) |
| 20:44 | Construir | Farm |
| 20:45 | Construir | Farm |
Cronología de la partida
| 4:10 | kaanuni · wall_segment Palisade Wall x4 |
| 4:26 | MorbidOne6 · wall_segment Palisade Wall x9 |
| 5:04 | kaanuni · wall_segment Palisade Wall x3 |
| 5:07 | usta noldu bana usta · wall_segment Palisade Wall x1 |
| 5:08 | MorbidOne6 · wall_segment Palisade Wall x3 |
| 5:11 | usta noldu bana usta · wall_segment Palisade Wall x11 |
| 5:22 | kaanuni · first_building Barracks |
| 5:30 | MorbidOne6 · wall_segment Palisade Wall x9 |
| 5:58 | MorbidOne6 · wall_segment Palisade Wall x8 |
| 6:08 | Monk · wall_segment Palisade Wall x6 |
| 6:11 | friendly Alpaca · wall_segment Palisade Wall x7 |
| 6:25 | MorbidOne6 · wall_segment Palisade Wall x7 |
| 6:32 | kaanuni · wall_segment Palisade Wall x7 |
| 6:57 | Monk · wall_segment Palisade Wall x9 |
| 7:03 | MorbidOne6 · wall_segment Palisade Wall x9 |
| 7:16 | friendly Alpaca · first_building Barracks |
| 7:31 | DuhuluDubrisi · wall_segment Palisade Wall x16 |
| 7:42 | MorbidOne6 · wall_segment Palisade Wall x12 |
| 7:47 | friendly Alpaca · wall_segment Palisade Wall x1 |
| 7:48 | friendly Alpaca · wall_segment Palisade Wall x1 |
| 7:55 | friendly Alpaca · wall_segment Palisade Wall x17 |
| 8:12 | MorbidOne6 · wall_segment Palisade Wall x9 |
| 8:15 | 結城結弦 · first_building Barracks |
| 8:18 | MorbidOne6 · wall_segment Palisade Wall x9 |
| 8:22 | DuhuluDubrisi · first_building Barracks |
| 9:08 | Monk · wall_segment Palisade Wall x9 |
| 9:12 | MorbidOne6 · wall_segment Palisade Wall x12 |
| 9:22 | friendly Alpaca · age_up feudal |
| 9:30 | 結城結弦 · age_up feudal |
| 9:40 | 結城結弦 · first_building Stable |
| 9:41 | DuhuluDubrisi · age_up feudal |
| 9:42 | DuhuluDubrisi · wall_segment Palisade Wall x5 |
| 9:45 | DuhuluDubrisi · first_building Archery Range |
| 10:05 | kaanuni · age_up feudal |
| 10:07 | friendly Alpaca · first_building Archery Range |
| 10:11 | kaanuni · first_building Stable |
| 10:15 | Monk · wall_segment Palisade Wall x11 |
| 10:32 | MorbidOne6 · wall_segment Palisade Wall x1 |
| 10:56 | 結城結弦 · wall_segment Palisade Wall x18 |
| 10:56 | Xun · age_up feudal |
| 11:09 | MorbidOne6 · age_up feudal |
| 11:20 | 結城結弦 · wall_segment Palisade Wall x6 |
| 11:45 | usta noldu bana usta · age_up feudal |
| 12:04 | Monk · age_up feudal |
| 12:40 | Monk · wall_segment Palisade Wall x3 |
| 13:12 | Monk · wall_segment Palisade Wall x1 |
| 13:42 | 結城結弦 · wall_segment Palisade Wall x1 |
| 13:52 | MorbidOne6 · wall_segment Palisade Wall x9 |
| 14:20 | usta noldu bana usta · age_up castle |
| 14:31 | Xun · age_up castle |
| 14:40 | Xun · first_building Monastery |
| 14:42 | DuhuluDubrisi · wall_segment Palisade Wall x1 |
| 15:04 | MorbidOne6 · age_up castle |
| 15:10 | usta noldu bana usta · first_building Castle |
| 15:12 | MorbidOne6 · first_market_buy 100 wood |
| 15:15 | usta noldu bana usta · wall_segment Palisade Wall x4 |
| 15:19 | usta noldu bana usta · wall_segment Palisade Wall x2 |
| 16:05 | Monk · age_up castle |
| 16:12 | usta noldu bana usta · wall_segment Palisade Wall x1 |
| 16:19 | usta noldu bana usta · first_market_buy 100 wood |
| 17:36 | Monk · first_building Siege Workshop |
| 17:48 | 結城結弦 · wall_segment Stone Wall x1 |
| 17:52 | Xun · first_market_buy 100 food |
| 19:15 | DuhuluDubrisi · first_market_sell 500 stone |
| 19:29 | Monk · wall_segment Stone Wall x19 |
| 20:05 | Monk · wall_segment Palisade Wall x1 |
| 21:14 | Monk · first_building Barracks |
| 21:19 | 結城結弦 · resign |
| 22:10 | MorbidOne6 · first_building Barracks |
| 23:17 | friendly Alpaca · age_up castle |
| 23:20 | DuhuluDubrisi · age_up castle |
| 24:00 | MorbidOne6 · first_building Castle |
| 24:08 | friendly Alpaca · first_building Siege Workshop |
| 24:43 | kaanuni · age_up castle |
| 25:14 | usta noldu bana usta · first_building Barracks |
[ ANÁLISIS IA · 1 CRÉDITO ]
¿Qué pasó realmente en esta partida?
Wolo.gg analiza cada decisión: build order, eco, micro, errores típicos por bracket. Análisis personalizado por WhatsApp o Discord en 30 segundos.
Guía civ
Maya
Perfil
Jugador #4069991